 Dungeon Crawl Stone Soup version 0.24.1-4-ge52af88ad5 (webtiles) character file.

Game seed: 15974514582179099532, levelgen mode: deterministic

144 H0rd4k the Charlatan (level 5, -5/38 HPs)
             Began as a Human Artificer on Apr 15, 2020.
             Slain by Sigmund
             ... wielding a +0 scythe
              (13 damage)
             ... on level 3 of the Dungeon.
             The game lasted 00:03:45 (3155 turns).

H0rd4k the Charlatan (Human Artificer)              Turns: 3155, Time: 00:03:45

Health: -5/38      AC:  3    Str: 14    XL:     5   Next: 52%
Magic:  7/7        EV: 12    Int: 11    God:
Gold:   83         SH:  0    Dex: 13    Spells: 4/4 levels left

rFire    . . .     SeeInvis .   a - +0 short sword
rCold    . . .     Gourm    .   (no shield)
rNeg     . . .     Faith    .   b - +0 leather armour
rPois    .         Spirit   .   (no helmet)
rElec    .         Reflect  .   (no cloak)
rCorr    .         Harm     .   (no gloves)
MR       .....                  (no boots)
Stlth    ++........             (no amulet)
HPRegen  0.12/turn              (no ring)
MPRegen  0.10/turn              (no ring)

@: no status effects
A: no striking features
a: no special abilities


You were on level 3 of the Dungeon.
You were hungry.

You visited 1 branch of the dungeon, and saw 3 of its levels.

You collected 83 gold pieces.

Inventory:

Hand Weapons
 a - a +0 short sword (weapon)
Missiles
 h - 8 javelins (quivered)
Armour
 b - a +0 leather armour (worn)
Wands
 c - a wand of flame (6)
 d - a wand of enslavement (7)
 e - a wand of random effects (10)
Scrolls
 g - a scroll of immolation {unknown}
 j - a scroll of magic mapping {unknown}
 k - a scroll of blinking {unknown}
 n - a scroll of teleportation {unknown}
 o - a scroll of enchant armour {unknown}
 p - 3 scrolls of identify {unknown}
 q - a scroll of amnesia {unknown}
Potions
 i - a potion of berserk rage {unknown}
 l - a potion of curing {unknown}
 m - a potion of resistance {unknown}
 r - a potion of brilliance {unknown}
Comestibles
 f - a ration


   Skills:
 + Level 1.7 Fighting
 + Level 2.6 Short Blades
 + Level 0.5 Throwing
 + Level 1.3 Armour
 + Level 2.7 Dodging
 + Level 1.5 Stealth
 + Level 3.8 Evocations


You had 4 spell levels left.
You didn't know any spells.
Your spell library was empty.

Dungeon Overview and Level Annotations

Branches:
Dungeon (3/15)

Altars:

Annotations:
D:3 Sigmund


Message History

Your +0 short sword unmelds from your body.
Your +0 leather armour unmelds from your body.
A magic dart appears from out of thin air!
The magic dart hits you.
Evoke which item? (* to show all) (? for menu, Esc to quit)
Aiming: Random Effects
Press: ? - help, Shift-Dir - straight line Nothing appears to happen.
You hear a zap.
Something tries to affect you, but you resist.
Evoke which item? (* to show all) (? for menu, Esc to quit)
Aiming: Random Effects
Press: ? - help, Shift-Dir - straight line Nothing appears to happen.
Something hits you!
* * * LOW HITPOINT WARNING * * *
Evoke which item? (* to show all) (? for menu, Esc to quit)
Aiming: Random Effects
Press: ? - help, Shift-Dir - straight line Nothing appears to happen.
Something hits you!
You die...

...#.#...#......#.# #.#
#....#...#......#.###########.#
#...(#####..S.).#^............#
.....#####.....S###############
...#.....#######............
.........# #......########
.........# #..{.[.# ....>....#
#......# ...#.#########.)@...#
##.#.# #...........## ...#.#
#.......#.#.# ####.#
#.......#.#)# #.#####'#####.#.#
#.......# #.#)#
#############.#)# #.....#.#.#
#.###.#.#.#


You could see a friendly adder (wandering).

Vanquished Creatures
  4 gnolls
  An adder (D:2)
  An ooze (D:1)
  5 worms
  5 dart slugs
  2 leopard geckos (D:2)
  4 bats
  2 giant cockroaches
  6 goblins
  6 hobgoblins
  7 jackals (D:2)
  A quokka (D:2)
  A ball python (D:1)
  A frilled lizard (D:2)
  7 kobolds
  10 rats
63 creatures vanquished.

Vanquished Creatures (collateral kills)
  A gnoll (D:3)
  A goblin (D:3)
  A kobold (D:2)
  A rat (D:3)
4 creatures vanquished.

Vanquished Creatures (others)
  3 gnolls
3 creatures vanquished.

Grand Total: 70 creatures vanquished

Notes
Turn   | Place    | Note
-------+----------+-------------------------------------------
     0 | D:1      | H0rd4k the Human Artificer began the quest for the Orb.
     0 | D:1      | Reached XP level 1. HP: 15/15 MP: 3/3
   204 | D:1      | Reached XP level 2. HP: 7/21 MP: 4/4
   491 | D:1      | You fall into a shaft and drop 1 floor!
   625 | D:2      | Reached XP level 3. HP: 19/26 MP: 5/5
  1241 | D:2      | Reached XP level 4. HP: 23/32 MP: 6/6
  1624 | D:2      | Reached skill level 1 in Armour
  1810 | D:2      | Reached XP level 5. HP: 18/37 MP: 7/7
  3119 | D:3      | Noticed Sigmund
  3155 | D:3      | Slain by Sigmund

Levels and vault maps discovered:
D:1:      scummos_arrival_forest, layout_loops_ring, st_stairs_13
D:2:      layout_basic
D:3:      layout_basic, first_ration, uniq_sigmund, uniq_crazy_yiuf_cottage

Skill      XL: |  1  2  3  4 |
---------------+-------------+-----
Short Blades   | 2 |  2.6
Armour         | 1 |  1.3
Fighting       | |  1.7
Throwing       | |  0.5
Dodging        | |  2.7
Stealth        | |  1.5
Evocations     | |  3.8

Action                   |  1- 3 |  4- 6 || total
-------------------------+-------+-------++-------
Melee: Short sword       |    89 |   167 ||   256
Throw: Javelin           |     3 |    18 ||    21
Evoke: Wand              |     5 |    17 ||    22
 Stab: Sleeping          |     1 |     3 ||     4
  Eat: Chunk             |       |     3 ||     3
       Ration            |       |     1 ||     1
Armor: Leather armour    |    17 |    30 ||    47
       Skin              |       |     2 ||     2
Dodge: Dodged            |    63 |    95 ||   158
